 Dungeon Crawl Stone Soup version 0.28.0 (webtiles) character file.

Game seed: 747597167642333989

233 danielguo94 the Cudgeller (level 6, -3/38 HPs)
             Began as a Gargoyle Fighter on Feb 5, 2022.
             Was an Initiate of the Shining One.
             Slain by a gnoll (4 damage)
             ... on level 5 of the Dungeon.
             The game lasted 00:05:08 (2803 turns).

danielguo94 the Cudgeller (Gargoyle Fighter)        Turns: 2803, Time: 00:05:09

Health: -3/38      AC: 15    Str: 28    XL:     6   Next: 4%
Magic:  6/6        EV:  8    Int:  8    God:    the Shining One [......]
Gold:   107        SH:  4    Dex:  9    Spells: 5/5 levels left

rFire   . . .      SeeInvis .   a - +0 flail
rCold   . . .      Faith    .   c - +0 buckler
rNeg    + . .      Spirit   .   k - +0 chain mail
rPois   ∞          Reflect  .   h - +0 helmet
rElec   +          Harm     .   (no cloak)
rCorr   .          Rampage  .   (no gloves)
Will    .....                   (no boots)
Stlth   ..........              (no amulet)
HPRegen 0.12/turn               p - +6 ring of strength
MPRegen 0.10/turn               (no ring)

@: glowing
A: sickness immunity, AC +4, negative energy resistance 1, electricity
resistance, torment resistance 1, petrification resistance
a: Renounce Religion


You were on level 5 of the Dungeon.
You worshipped the Shining One.
The Shining One was noncommittal.
You visited 1 branch of the dungeon, and saw 5 of its levels.

You collected 107 gold pieces.

Inventory:

Hand Weapons
 a - a +0 flail (weapon)
Missiles
 b - 3 poisoned darts
 e - 121 stones (quivered)
Armour
 c - a +0 buckler (worn)
 h - a +0 helmet (worn)
 k - a +0 chain mail (worn)
Jewellery
 p - a +6 ring of strength (left hand)
Scrolls
 g - a scroll of silence {unknown}
 n - 2 scrolls of magic mapping
 o - a scroll of amnesia {unknown}
Potions
 d - a potion of might
 f - 2 potions of flight
 i - a potion of curing {unknown}
 l - a potion of heal wounds {unknown}
 m - a potion of resistance {unknown}


   Skills:
 + Level 4.0 Fighting
 * Level 4.8 Maces & Flails
 + Level 4.1 Armour
 + Level 0.4 Dodging
 + Level 3.7 Shields


You had 5 spell levels left.
You didn't know any spells.
Your spell library contained the following spells:

 Spells                   Type           Power      Damage    Failure   Level
 Portal Projectile        Hex/Tloc       0%         N/A       100%        3
 Blade Hands              Tmut           0%         N/A       100%        5
 Excruciating Wounds      Necr           0%         N/A       100%        5


Dungeon Overview and Level Annotations

Branches:
Dungeon (5/15)
 Temple: D:4-7

Altars:
Trog
Wu Jian
Yredelemnul
The Shining One


Innate Abilities, Weirdness & Mutations

You are immune to sickness and miasma.
Your stone body is resilient. (AC +4)
You are immune to poison.
You resist negative energy. (rN+)
You are resistant to electric shocks. (rElec)
You are resistant to unholy torment.
You are immune to petrification.


Message History

Unknown command.
You are too injured to fight recklessly!
Unknown command.
You are too injured to fight recklessly!
Unknown command.
Unknown command.
You are too injured to fight recklessly!
You barely miss the gnoll.
The gnoll is almost dead.
The gnoll hits you but does no damage. The gnoll hits you with a +0 flail!
* * * LOW HITPOINT WARNING * * *
You block the gnoll's attack.
Okay, then.
Unknown command.
You barely miss the gnoll.
The gnoll is almost dead.
The gnoll barely misses you. The gnoll hits you with a +0 flail.
* * * LOW HITPOINT WARNING * * *
The gnoll barely misses you. The gnoll hits you but does no damage.
Unknown command.
Unknown command.
You hit the gnoll but do no damage.
The gnoll is almost dead.
The gnoll closely misses you. The gnoll hits you but does no damage.
The gnoll hits you with a +0 whip.
* * * LOW HITPOINT WARNING * * *
The gnoll barely misses you.
Unknown command.
You hit the gnoll.
You kill the gnoll!
The gnoll hits you with a +0 spear.
* * * LOW HITPOINT WARNING * * *
The gnoll hits you but does no damage.
You have reached level 6!
Unknown command.
You hit the gnoll but do no damage. The gnoll closely misses you.
You block the gnoll's attack. The gnoll hits you but does no damage.
You barely miss the gnoll. The gnoll barely misses you.
The gnoll hits you with a +0 spear.
You die...

##########
#g<.......
#@########
#g# #.#
######.#
#$.....#
##.####.#####
#...........#
#.###.#.###.#
#.#.#


You could see 2 gnolls.

Vanquished Creatures
  A necrophage (D:4)
  A gnoll (D:5)
  5 adders
  A white imp (D:5)
  A worm (D:2)
  2 dart slugs
  7 orcs (D:3)
  7 ball pythons
  3 endoplasms
  3 giant cockroaches
  6 goblins
  11 hobgoblins
  2 quokkas (D:1)
  2 bats
  5 frilled lizards
  9 kobolds
  4 rats
70 creatures vanquished.

Notes
Turn   | Place    | Note
-------+----------+-------------------------------------------
     0 | D:1      | danielguo94 the Gargoyle Fighter began the quest for the
                  | Orb.
     0 | D:1      | Reached XP level 1. HP: 14/14 MP: 1/1
   174 | D:1      | Reached XP level 2. HP: 18/20 MP: 2/2
   279 | D:1      | Found a faded altar of an unknown god.
   701 | D:2      | Reached XP level 3. HP: 21/24 MP: 3/3
   867 | D:2      | You fall into a shaft and drop 2 floors!
  1414 | D:2      | Reached XP level 4. HP: 26/29 MP: 4/4
  1741 | D:3      | Found a bloodstained altar of Trog.
  2268 | D:4      | Noticed an ogre
  2365 | D:4      | Found an ornate altar of the Wu Jian Council.
  2372 | D:4      | Noticed a necrophage
  2383 | D:4      | Killed a necrophage
  2384 | D:4      | Reached XP level 5. HP: 29/33 MP: 5/5
  2398 | D:4      | Noticed an ogre
  2545 | D:4      | Found a glowing golden altar of the Shining One.
  2548 | D:4      | Noticed an angel
  2555 | D:4      | Became a worshipper of the Shining One
  2564 | D:4      | Found a basalt altar of Yredelemnul.
  2566 | D:4      | Noticed a profane servitor
  2770 | D:5      | Entered Level 5 of the Dungeon
  2801 | D:5      | HP: 1/33 [gnoll (2)]
  2802 | D:5      | Reached XP level 6. HP: 1/38 MP: 6/6
  2803 | D:5      | Slain by a gnoll

Illustrated notes

Levels and vault maps discovered:
D:1:      eino_arrival_water_cross, layout_loops_ring,
          hellmonk_ecumenical_altar_blasted
D:2:      layout_loops_corners, minmay_surrounded
D:3:      layout_rooms, mainiacjoe_overflow_alcove_1
D:4:      layout_rooms, grunt_temple_overflow_holy_war,
          mainiacjoe_overflow_24_doors, lemuel_round_altar,
          kennysheep_generic_room_11, uniq_robin
D:5:      layout_loops_ring, minmay_temple_entry_statues_pillars,
          hangedman_abyss_or_decor_slice, minmay_misc_feat_cross

Skill      XL: |  1  2  3  4 |
---------------+-------------+-----
Maces & Flails | 3 4 |  4.8
Fighting       | 4 |  4.0
Armour         | 4 |  4.1
Dodging        | |  0.4
Shields        | |  3.7

Action                   |  1- 3 |  4- 6 || total
-------------------------+-------+-------++-------
Melee: Flail             |   134 |   141 ||   275
  Use: Scroll            |       |     2 ||     2
Armor: Scale mail        |    67 |       ||    67
       Chain mail        |     7 |   102 ||   109
Dodge: Dodged            |    63 |    70 ||   133
Block: Buckler           |    21 |    36 ||    57
